SKY
MILWAUKEE BREWERS @ CLEVELAND INDIANS
09/18/2051
 
TOP OF THE 1ST
Milwaukee Brewers batting - Pitching for Cleveland Indians : RHP Ray Bernard
Pitching: RHP Ray Bernard
Batting: LHB Yandy Zamano 0-0: Swinging Strike
0-1: SINGLE (Line Drive, 56D, EV 99.4 MPH)
Batting: LHB Samuel Vay 0-0: Called Strike
Yandy Zamano steals 2nd base
0-1: Foul Ball, location: 7LSF
0-2: Ball
1-2: Foul Ball, location: 3FF
1-2: Fly out, F9 (Flyball, 89S, EV 83.8 MPH)
Batting: RHB Clemente Simpson 0-0: Ball
1-0: Foul Ball, location: 7LMFF
1-1: Foul Ball, location: 5FF
1-2: Hit by Pitch
Batting: RHB Nick Hodge 0-0: Foul Ball, location: 5FF
0-1: Ball
1-1: Swinging Strike
1-2: 3-RUN HOME RUN (Flyball, 78XD, EV 112.5 MPH), Distance : 421 ft
Batting: RHB Christopher Cazares 0-0: Called Strike
0-1: Swinging Strike
0-2: Ball
1-2: Ball
2-2: Strikes out swinging
Batting: LHB Joshua Ragsdale 0-0: Ball
1-0: Foul Ball, location: 7LDF
1-1: Ground out 4-3 (Groundball, 4, EV 100.6 MPH)
Top of the 1st over - 3 runs, 2 hits, 0 errors, 0 left on base; Milwaukee 3 - Cleveland 0
BOTTOM OF THE 1ST
Cleveland Indians batting - Pitching for Milwaukee Brewers : LHP Chris Baranov
Pitching: LHP Chris Baranov
Batting: RHB Uriel Roberts 0-0: Foul Ball, location: 7LDF
0-1: Called Strike
0-2: Foul Ball, location: 2F
0-2: Hit by Pitch
Batting: RHB Antony Olguin 0-0: Called Strike
0-1: Fly out, F8 (Flyball, 8RM, EV 88.8 MPH)
Batting: LHB Jonathan DeMarino 0-0: Ball
1-0: Ball
2-0: Foul Ball, location: 2F
2-1: Called Strike
2-2: Foul Ball, location: 7LMF
2-2: Foul Ball, location: 2F
2-2: SINGLE (Line Drive, 9S, EV 91.9 MPH)
Uriel Roberts to second
Batting: RHB Franklin Bailey 0-0: Ball
1-0: Called Strike
1-1: Swinging Strike
1-2: Ball
2-2: Foul Ball, location: 2F
2-2: Ball
3-2: Foul Ball, location: 2F
3-2: Strikes out looking
Batting: LHB Harrison Waite 0-0: Foul Ball, location: 2RF
0-1: Fly out, F8 (Flyball, 8RD, EV 102.5 MPH)
Bottom of the 1st over - 0 runs, 1 hit, 0 errors, 2 left on base; Milwaukee 3 - Cleveland 0
TOP OF THE 2ND
Milwaukee Brewers batting - Pitching for Cleveland Indians : RHP Ray Bernard
Batting: RHB Lucas Asher 0-0: Fly out, F8 (Flyball, 89XD, EV 104.4 MPH)
Batting: RHB Dan Martinez 0-0: Fly out, F7 (Flyball, 78M, EV 93.1 MPH)
Batting: RHB Ricky Moran 0-0: Ground out 5-3 (Groundball, 56, EV 103.8 MPH)
Top of the 2nd over - 0 runs, 0 hits, 0 errors, 0 left on base; Milwaukee 3 - Cleveland 0
BOTTOM OF THE 2ND
Cleveland Indians batting - Pitching for Milwaukee Brewers : LHP Chris Baranov
Batting: LHB Anibal Gaines 0-0: Called Strike
0-1: SOLO HOME RUN (Flyball, 7D, EV 100.0 MPH), Distance : 379 ft
Batting: RHB Cowboy Beyer 0-0: Ball
1-0: Foul Ball, location: 2F
1-1: Swinging Strike
1-2: Strikes out swinging
Batting: RHB Cory Martínez 0-0: Ball
1-0: SINGLE (Groundball, 34D, EV 106.3 MPH)
Batting: LHB Paquito Peña 0-0: Foul Ball, location: 5DF
0-1: Called Strike
0-2: Ball
1-2: Ball
2-2: Ball
3-2: Strikes out swinging
Batting: RHB Uriel Roberts 0-0: Called Strike
0-1: Ball
1-1: Called Strike
1-2: Ball
2-2: Fly out, F7 (Flyball, 7, EV 80.0 MPH)
Bottom of the 2nd over - 1 run, 2 hits, 0 errors, 1 left on base; Milwaukee 3 - Cleveland 1
TOP OF THE 3RD
Milwaukee Brewers batting - Pitching for Cleveland Indians : RHP Ray Bernard
Batting: LHB Yandy Zamano 0-0: Ball
1-0: SINGLE (Flyball, 7S, EV 99.4 MPH)
Batting: LHB Samuel Vay 0-0: Called Strike
0-1: Grounds into double play, 4-6-3 (Groundball, 4, EV 108.1 MPH)
Batting: RHB Clemente Simpson 0-0: Ball
1-0: Ball
2-0: Swinging Strike
2-1: Foul Ball, location: 5FF
2-2: Strikes out swinging
Top of the 3rd over - 0 runs, 1 hit, 0 errors, 0 left on base; Milwaukee 3 - Cleveland 1
BOTTOM OF THE 3RD
Cleveland Indians batting - Pitching for Milwaukee Brewers : LHP Chris Baranov
Batting: RHB Antony Olguin 0-0: Called Strike
0-1: Ball
1-1: Ball
2-1: Ball
3-1: Base on Balls
Batting: LHB Jonathan DeMarino 0-0: Called Strike
0-1: Ball
1-1: Ball
2-1: Foul Ball, location: 5SF
2-2: Ball
3-2: Base on Balls
Antony Olguin to second
Batting: RHB Franklin Bailey 0-0: Ball
1-0: Fly out, F8 (Flyball, 89D, EV 97.5 MPH)
Batting: LHB Harrison Waite 0-0: Called Strike
0-1: Ball
1-1: Fly out, F7 (Flyball, 78S, EV 93.1 MPH)
Batting: LHB Anibal Gaines 0-0: Ball
1-0: Ball
2-0: Called Strike
2-1: Fly out, F7 (Flyball, 7D, EV 108.1 MPH)
Bottom of the 3rd over - 0 runs, 0 hits, 0 errors, 2 left on base; Milwaukee 3 - Cleveland 1
TOP OF THE 4TH
Milwaukee Brewers batting - Pitching for Cleveland Indians : RHP Ray Bernard
Batting: RHB Nick Hodge 0-0: Called Strike
0-1: Swinging Strike
0-2: Strikes out swinging
Batting: RHB Christopher Cazares 0-0: Ground out 6-3 (Groundball, 6, EV 98.8 MPH)
Batting: LHB Joshua Ragsdale 0-0: Ball
1-0: Ball
2-0: SINGLE (Groundball, 34D, EV 101.3 MPH)
Batting: RHB Lucas Asher 0-0: Ball
1-0: Foul Ball, location: 2LF
1-1: Swinging Strike
1-2: Foul Ball, location: 5F
1-2: Reached on error, E3 (Groundball, 3, EV 93.1 MPH)
Joshua Ragsdale to second
Batting: RHB Dan Martinez 0-0: Ball
1-0: Foul Ball, location: 25FF
1-1: Called Strike
1-2: Strikes out looking
Top of the 4th over - 0 runs, 1 hit, 1 error, 2 left on base; Milwaukee 3 - Cleveland 1
BOTTOM OF THE 4TH
Cleveland Indians batting - Pitching for Milwaukee Brewers : LHP Chris Baranov
Batting: RHB Cowboy Beyer 0-0: Swinging Strike
0-1: Foul Ball, location: 5SF
0-2: Foul Ball, location: 5F
0-2: Ball
1-2: Foul Ball, location: 23F
1-2: Foul Ball, location: 2LF
1-2: Ball
2-2: Ball
3-2: Base on Balls
Batting: RHB Cory Martínez 0-0: Grounds into double play, 6-4-3 (Groundball, 6, EV 103.1 MPH)
Batting: LHB Paquito Peña 0-0: Called Strike
0-1: Ball
1-1: Ball
2-1: Ball
3-1: Base on Balls
Batting: RHB Uriel Roberts 0-0: Ball
1-0: SINGLE (Line Drive, 9S, EV 93.8 MPH)
Paquito Peña to second
Runner from 2nd tries for 3rd, SAFE, throw by RF made to third
Batting: RHB Antony Olguin 0-0: Ball
1-0: Called Strike
1-1: 3-RUN HOME RUN (Flyball, 78XD, EV 108.8 MPH), Distance : 408 ft
Batting: LHB Jonathan DeMarino 0-0: Fly out, F8 (Flyball, 8LD, EV 110.0 MPH)
Bottom of the 4th over - 3 runs, 2 hits, 0 errors, 0 left on base; Milwaukee 3 - Cleveland 4
TOP OF THE 5TH
Milwaukee Brewers batting - Pitching for Cleveland Indians : RHP Ray Bernard
Batting: RHB Ricky Moran 0-0: Fly out, F6 (Popup, P, EV 81.3 MPH)
Batting: LHB Yandy Zamano 0-0: Ball
1-0: Fly out, F4 (Popup, 4M, EV 56.9 MPH)
Batting: LHB Samuel Vay 0-0: Called Strike
0-1: Ball
1-1: Ball
2-1: Called Strike
2-2: Fly out, F8 (Line Drive, 8RM, EV 93.1 MPH)
Top of the 5th over - 0 runs, 0 hits, 0 errors, 0 left on base; Milwaukee 3 - Cleveland 4
BOTTOM OF THE 5TH
Cleveland Indians batting - Pitching for Milwaukee Brewers : LHP Chris Baranov
Batting: RHB Franklin Bailey 0-0: Ball
1-0: Ball
2-0: Ball
3-0: Base on Balls
Batting: LHB Harrison Waite 0-0: Grounds into double play, 5-4-3 (Groundball, 6, EV 102.5 MPH)
Batting: LHB Anibal Gaines 0-0: Ball
1-0: SOLO HOME RUN (Flyball, 78XD, EV 100.6 MPH), Distance : 395 ft
Batting: RHB Cowboy Beyer 0-0: Called Strike
0-1: Ball
1-1: Ball
2-1: Called Strike
2-2: Ball
3-2: Foul Ball, location: 2F
3-2: Foul Ball, location: 5FF
3-2: Ground out 5-3 (Groundball, 5, EV 81.9 MPH)
Bottom of the 5th over - 1 run, 1 hit, 0 errors, 0 left on base; Milwaukee 3 - Cleveland 5
TOP OF THE 6TH
Milwaukee Brewers batting - Pitching for Cleveland Indians : RHP Ray Bernard
Batting: RHB Clemente Simpson 0-0: Ball
1-0: Ball
2-0: Foul Ball, location: 2F
2-1: Ball
3-1: Foul Ball, location: 25FF
3-2: Foul Ball, location: 3SF
3-2: Fly out, F7 (Flyball, 7, EV 90.0 MPH)
Batting: RHB Nick Hodge 0-0: Reached via error on a dropped throw from P, E3 (Groundball, 13S, EV 71.9 MPH)
Batting: RHB Christopher Cazares 0-0: Called Strike
0-1: Swinging Strike
0-2: Ball
1-2: Fly out, F8 (Flyball, 8RD, EV 98.1 MPH)
Batting: LHB Joshua Ragsdale 0-0: Called Strike
0-1: Foul Ball, location: 7LDF
0-2: Ball
1-2: Foul Ball, location: 7LDF
1-2: Foul Ball, location: 2F
1-2: Strikes out swinging
Top of the 6th over - 0 runs, 0 hits, 1 error, 1 left on base; Milwaukee 3 - Cleveland 5
BOTTOM OF THE 6TH
Cleveland Indians batting - Pitching for Milwaukee Brewers : LHP Chris Baranov
Pitching: LHP Gerardo Hernández
Batting: RHB Cory Martínez 0-0: SINGLE (Groundball, 56D, EV 93.8 MPH)
Batting: LHB Paquito Peña 0-0: Called Strike
0-1: Sac Bunt to 15S - play at first, batter OUT! 1-3
Cory Martínez to second
Batting: RHB Uriel Roberts 0-0: Called Strike
0-1: Ball
1-1: Called Strike
1-2: Ball
2-2: Ball
3-2: Fly out, F8 (Flyball, 8LD, EV 100.6 MPH)
Batting: RHB Antony Olguin 0-0: Ball
1-0: Swinging Strike
1-1: Swinging Strike
1-2: Strikes out swinging
Bottom of the 6th over - 0 runs, 1 hit, 0 errors, 1 left on base; Milwaukee 3 - Cleveland 5
TOP OF THE 7TH
Milwaukee Brewers batting - Pitching for Cleveland Indians : RHP Ray Bernard
Batting: RHB Lucas Asher 0-0: Ball
1-0: Called Strike
1-1: Called Strike
1-2: Foul Ball, location: 9LDF
1-2: Ball
2-2: Fly out, F7 (Flyball, 7LSF, EV 88.8 MPH)
Now in LF: Chuck Mullenix
Pinch Hitting: LHB Goachino Borboa 0-0: Called Strike
0-1: Ball
1-1: Ball
2-1: Called Strike
2-2: Ball
3-2: Strikes out looking
Batting: RHB Ricky Moran 0-0: Ball
1-0: SINGLE (Flyball, 4D, EV 89.4 MPH) - OUT at second base trying to stretch hit.
Top of the 7th over - 0 runs, 1 hit, 0 errors, 0 left on base; Milwaukee 3 - Cleveland 5
BOTTOM OF THE 7TH
Cleveland Indians batting - Pitching for Milwaukee Brewers : LHP Gerardo Hernández
Now at SS: Lucas Asher
Now in LF: Yandy Zamano
Now in RF: Goachino Borboa
Batting: LHB Jonathan DeMarino 0-0: Ball
1-0: Foul Ball, location: 2F
1-1: Ball
2-1: Foul Ball, location: 7LSFF
2-2: Ball
3-2: Fly out, F8 (Flyball, 89M, EV 91.9 MPH)
Batting: RHB Franklin Bailey 0-0: Ball
1-0: Called Strike
1-1: Called Strike
1-2: Strikes out swinging
Batting: LHB Harrison Waite 0-0: Called Strike
0-1: Foul Ball, location: 2F
0-2: Ball
1-2: Foul Ball, location: 2F
1-2: Ground out U3 (Groundball, 3, EV 106.9 MPH)
Bottom of the 7th over - 0 runs, 0 hits, 0 errors, 0 left on base; Milwaukee 3 - Cleveland 5
TOP OF THE 8TH
Milwaukee Brewers batting - Pitching for Cleveland Indians : RHP Ray Bernard
Batting: LHB Yandy Zamano 0-0: Ball
1-0: Ball
2-0: Foul Ball, location: 5DF
2-1: Ball
3-1: Base on Balls
Pitching: RHP Rafael Antonello
Batting: LHB Samuel Vay 0-0: Ball
1-0: Foul Ball, location: 3F
1-1: Foul Ball, location: 23FF
1-2: Foul Ball, location: 23F
1-2: DOUBLE (Flyball, 9D, EV 96.9 MPH)
Yandy Zamano to third
Batting: RHB Clemente Simpson 0-0: Ball
1-0: Foul Ball, location: 2F
1-1: Swinging Strike
1-2: Ball
2-2: Strikes out swinging
Batting: RHB Nick Hodge 0-0: Called Strike
0-1: Ball
1-1: Foul Ball, location: 2F
1-2: Ball
2-2: Ball
3-2: Fly out, F8 (Flyball, 8LD, EV 105.0 MPH)
Runner from 3rd tags up, SCORES, throw by CF
Batting: RHB Christopher Cazares 0-0: Ball
1-0: Swinging Strike
1-1: Swinging Strike
1-2: Strikes out swinging
Top of the 8th over - 1 run, 1 hit, 0 errors, 1 left on base; Milwaukee 4 - Cleveland 5
BOTTOM OF THE 8TH
Cleveland Indians batting - Pitching for Milwaukee Brewers : LHP Gerardo Hernández
Batting: LHB Anibal Gaines 0-0: Swinging Strike
0-1: Called Strike
0-2: Strikes out swinging
Batting: RHB Cowboy Beyer 0-0: Called Strike
0-1: Called Strike
0-2: Foul Ball, location: 2F
0-2: Ground out 5-3 (Groundball, 56S, EV 93.8 MPH)
Pitching: RHP Jonas Gallick
Batting: RHB Cory Martínez 0-0: Ball
1-0: Called Strike
1-1: Called Strike
1-2: Ground out 5-3 (Groundball, 56, EV 87.5 MPH)
Bottom of the 8th over - 0 runs, 0 hits, 0 errors, 0 left on base; Milwaukee 4 - Cleveland 5
TOP OF THE 9TH
Milwaukee Brewers batting - Pitching for Cleveland Indians : RHP Rafael Antonello
Pitching: RHP Sebastian Sienkiewicz
Batting: LHB Joshua Ragsdale 0-0: Ball
1-0: Called Strike
1-1: Ground out 4-3 (Groundball, 4S, EV 91.9 MPH)
Batting: RHB Lucas Asher 0-0: Ground out 6-3 (Groundball, 56, EV 92.5 MPH)
Batting: LHB Goachino Borboa 0-0: Ball
1-0: Foul Ball, location: 3F
1-1: SINGLE (Line Drive, 89M, EV 104.4 MPH)
Pinch Hitting: SHB Darling Conkle 0-0: Ground out 6-3 (Groundball, 4MD, EV 102.5 MPH)
Top of the 9th over - 0 runs, 1 hit, 0 errors, 1 left on base; Milwaukee 4 - Cleveland 5
Sunday, March 31st , 2024 - OOTP Baseball 24.11 Build 85